[ AOE2 MATCH · #480700614 ]
1v1 RMPoles vs Spanish
Player's team · WIN
Rival team · LOSS
[ REPLAY ANALYSIS · EXTRACTED FROM THE RECORDED GAME ]
Feudal
10:00
Castle
22:43
Imperial
51:43
| APM avg | 29.8 |
| APM peak | 86 |
| eAPM avg | 16.3 |
| Villagers / military | 191 / 231 |
Focus
⚔️ 37.0% · 🌾 63.0%
Knight ×180 · Spearman ×31 · Battering Ram ×7 · Trebuchet (Packed) ×5 · Militia ×3 · Monk ×3
Feudal
9:05
Castle
20:34
Imperial
37:55
| APM avg | 40.7 |
| APM peak | 123 |
| eAPM avg | 22.0 |
| Villagers / military | 165 / 126 |
Focus
⚔️ 39.1% · 🌾 60.9%
Knight ×94 · Conquistador ×18 · Missionary ×10 · Scout Cavalry ×4
Match map
Initial resources + every placement click. Lines = walls · curves = elevation contours. ◆ gold · ⬟ stone · ● berries · ✦ relic · ◌ wall gap
Your base· ✓ Closed at 22:43 · 17t walls · 1 gate(s)
DiCarrera's base· ✓ Closed at 20:34 · 0t walls · 1 gate(s)
Smoothed initial terrain · ◌ = detected wall gap · hover for details
Inputs per minute
— Hingle_McCringleberry - - DiCarrera
Build order — Hingle_McCringleberry
First 150 of 577 actions detected
| 0:00 | Create | Villager (Male) |
| 0:01 | Create | Villager (Male) |
| 0:02 | Build | House |
| 0:04 | Build | House |
| 0:11 | Create | Villager (Male) |
| 0:17 | Create | Villager (Male) |
| 0:17 | Create | Villager (Male) |
| 1:43 | Create | Villager (Male) |
| 1:44 | Create | Villager (Male) |
| 1:50 | Build | Lumber Camp |
| 1:53 | Create | Villager (Male) |
| 1:53 | Create | Villager (Male) |
| 2:25 | Create | Villager (Male) |
| 2:52 | Create | Villager (Male) |
| 2:53 | Create | Villager (Male) |
| 2:59 | Create | Villager (Male) |
| 2:59 | Create | Villager (Male) |
| 3:09 | Build | House |
| 3:11 | Build | House |
| 3:39 | Create | Villager (Male) |
| 4:11 | Create | Villager (Male) |
| 4:31 | Build | Mill |
| 4:39 | Build | Mill |
| 4:42 | Create | Villager (Male) |
| 4:42 | Create | Villager (Male) |
| 5:20 | Research | Loom |
| 5:22 | Create | Villager (Male) |
| 5:22 | Create | Villager (Male) |
| 5:22 | Create | Villager (Male) |
| 6:11 | Create | Villager (Male) |
| 6:37 | Create | Villager (Male) |
| 7:03 | Build | Mining Camp |
| 7:27 | Create | Villager (Male) |
| 7:46 | Research | Feudal Age |
| 7:58 | Build | Barracks |
| 8:14 | Create | Villager (Male) |
| 8:42 | Create | Villager (Male) |
| 9:22 | Create | Militia |
| 9:22 | Create | Militia |
| 9:58 | Create | Militia |
| 10:00 | Age | Feudal Age |
| 10:09 | Create | Spearman |
| 10:30 | Create | Villager (Male) |
| 10:40 | Create | Villager (Male) |
| 10:49 | Research | Double-Bit Axe |
| 10:50 | Research | Horse Collar |
| 10:53 | Research | Man-at-Arms (upgrade) |
| 11:04 | Create | Villager (Male) |
| 11:21 | Build | Palisade Wall |
| 11:25 | Build | Palisade Wall |
| 11:29 | Build | Palisade Wall |
| 11:49 | Create | Villager (Male) |
| 11:56 | Create | Villager (Male) |
| 12:08 | Create | Spearman |
| 12:16 | Build | House |
| 12:17 | Build | House |
| 12:20 | Build | Farm |
| 12:21 | Create | Villager (Male) |
| 12:31 | Build | Palisade Wall |
| 12:42 | Create | Villager (Male) |
| 12:57 | Create | Villager (Male) |
| 13:00 | Create | Spearman |
| 13:30 | Create | Villager (Male) |
| 13:33 | Build | House |
| 13:34 | Build | House |
| 14:02 | Create | Villager (Male) |
| 14:04 | Build | Farm |
| 14:22 | Create | Villager (Male) |
| 14:30 | Build | Farm |
| 14:44 | Create | Villager (Male) |
| 14:47 | Build | House |
| 14:52 | Build | Palisade Wall |
| 14:55 | Build | Palisade Wall |
| 15:01 | Build | Palisade Gate |
| 15:12 | Create | Villager (Male) |
| 15:19 | Create | Villager (Male) |
| 15:26 | Create | Spearman |
| 15:35 | Build | Stable |
| 15:36 | Build | Stable |
| 15:54 | Build | Farm |
| 16:07 | Build | Palisade Wall |
| 16:20 | Create | Villager (Male) |
| 16:43 | Create | Villager (Male) |
| 16:45 | Build | Farm |
| 17:00 | Build | Farm |
| 17:00 | Build | Farm |
| 17:00 | Build | Farm |
| 17:01 | Build | Farm |
| 17:01 | Build | Farm |
| 17:01 | Build | Farm |
| 17:01 | Build | Farm |
| 17:01 | Build | Farm |
| 17:02 | Build | Farm |
| 17:24 | Build | Blacksmith |
| 17:53 | Build | Farm |
| 17:59 | Build | Farm |
| 18:02 | Build | Farm |
| 18:20 | Create | Villager (Male) |
| 18:28 | Build | Farm |
| 18:55 | Build | Market |
| 19:04 | Create | Villager (Male) |
| 19:26 | Research | Bloodlines |
| 19:34 | Create | Villager (Male) |
| 20:03 | Research | Castle Age |
| 20:17 | Research | Scale Barding Armor |
| 20:27 | Build | Stable |
| 20:41 | Build | House |
| 21:15 | Research | Forging |
| 21:28 | Build | Farm |
| 21:32 | Build | Farm |
| 21:37 | Build | Farm |
| 22:17 | Create | Villager (Male) |
| 22:43 | Age | Castle Age |
| 22:44 | Research | Chain Barding Armor |
| 22:47 | Create | Knight |
| 22:47 | Create | Knight |
| 22:47 | Create | Knight |
| 22:49 | Create | Villager (Male) |
| 23:13 | Build | Town Center |
| 23:19 | Create | Knight |
| 23:19 | Create | Knight |
| 23:19 | Create | Knight |
| 23:22 | Create | Villager (Male) |
| 23:30 | Research | Iron Casting |
| 23:34 | Build | House |
| 23:35 | Build | House |
| 23:47 | Create | Knight |
| 23:57 | Research | Husbandry |
| 24:23 | Create | Knight |
| 24:23 | Create | Knight |
| 24:24 | Create | Villager (Male) |
| 24:29 | Research | Heavy Plow |
| 24:55 | Build | Monastery |
| 24:59 | Create | Villager (Male) |
| 25:02 | Create | Villager (Male) |
| 25:05 | Create | Knight |
| 25:05 | Create | Knight |
| 25:05 | Create | Knight |
| 25:33 | Create | Knight |
| 25:35 | Create | Knight |
| 25:36 | Create | Knight |
| 26:17 | Create | Villager (Male) |
| 26:18 | Create | Villager (Male) |
| 26:21 | Research | Wheelbarrow |
| 26:26 | Create | Knight |
| 26:26 | Create | Knight |
| 26:58 | Create | Villager (Male) |
| 26:59 | Create | Villager (Male) |
| 27:03 | Create | Monk |
| 27:08 | Create | Villager (Male) |
Build order — DiCarrera
First 150 of 429 actions detected
| 0:02 | Build | House |
| 0:03 | Build | House |
| 0:04 | Create | Villager (Male) |
| 0:04 | Create | Villager (Male) |
| 0:05 | Create | Villager (Male) |
| 0:05 | Create | Villager (Male) |
| 1:12 | Create | Villager (Male) |
| 1:12 | Create | Villager (Male) |
| 1:21 | Research | Loom |
| 1:50 | Create | Villager (Male) |
| 1:56 | Build | Lumber Camp |
| 2:25 | Create | Villager (Male) |
| 2:34 | Create | Villager (Male) |
| 2:58 | Create | Villager (Male) |
| 2:58 | Create | Villager (Male) |
| 3:18 | Create | Villager (Male) |
| 3:25 | Build | House |
| 3:31 | Create | Villager (Male) |
| 3:48 | Create | Villager (Male) |
| 5:12 | Build | Mill |
| 5:15 | Create | Villager (Male) |
| 5:16 | Create | Villager (Male) |
| 5:17 | Create | Villager (Male) |
| 5:17 | Create | Villager (Male) |
| 5:21 | Research | Loom |
| 6:42 | Research | Feudal Age |
| 7:21 | Create | Villager (Male) |
| 7:38 | Build | Barracks |
| 8:25 | Build | House |
| 8:36 | Create | Villager (Male) |
| 8:58 | Create | Villager (Male) |
| 9:05 | Age | Feudal Age |
| 9:07 | Build | Stable |
| 9:47 | Create | Villager (Male) |
| 9:54 | Create | Scout Cavalry |
| 9:54 | Create | Scout Cavalry |
| 9:54 | Create | Scout Cavalry |
| 9:58 | Build | House |
| 10:04 | Build | Farm |
| 10:06 | Create | Villager (Male) |
| 10:29 | Build | Palisade Gate |
| 11:07 | Create | Villager (Male) |
| 11:10 | Build | Farm |
| 11:14 | Build | Farm |
| 11:31 | Build | Farm |
| 11:36 | Build | House |
| 11:53 | Create | Villager (Male) |
| 11:54 | Create | Villager (Male) |
| 11:54 | Create | Villager (Male) |
| 11:57 | Build | Farm |
| 12:10 | Create | Villager (Male) |
| 12:14 | Build | Farm |
| 12:26 | Build | Farm |
| 12:27 | Create | Villager (Male) |
| 13:04 | Create | Villager (Male) |
| 13:05 | Build | Farm |
| 13:05 | Create | Villager (Male) |
| 13:34 | Create | Villager (Male) |
| 13:59 | Create | Villager (Male) |
| 14:02 | Create | Villager (Male) |
| 14:11 | Create | Villager (Male) |
| 14:21 | Build | Farm |
| 14:41 | Create | Villager (Male) |
| 15:14 | Create | Villager (Male) |
| 15:16 | Create | Scout Cavalry |
| 15:22 | Build | House |
| 15:27 | Build | Farm |
| 15:28 | Create | Villager (Male) |
| 15:31 | Build | Farm |
| 15:43 | Research | Town Watch |
| 15:44 | Create | Villager (Male) |
| 15:52 | Build | Mining Camp |
| 15:59 | Build | Farm |
| 16:11 | Build | Blacksmith |
| 16:13 | Create | Villager (Male) |
| 16:29 | Create | Villager (Male) |
| 16:53 | Build | Farm |
| 16:54 | Create | Villager (Male) |
| 17:13 | Build | Farm |
| 17:15 | Build | Farm |
| 17:38 | Build | Market |
| 17:52 | Build | Farm |
| 17:54 | Research | Castle Age |
| 18:19 | Build | Farm |
| 18:30 | Research | Double-Bit Axe |
| 18:53 | Build | Stable |
| 19:05 | Research | Horse Collar |
| 19:19 | Create | Villager (Male) |
| 19:28 | Build | House |
| 19:29 | Build | House |
| 20:34 | Create | Villager (Male) |
| 20:34 | Age | Castle Age |
| 20:39 | Create | Knight |
| 20:39 | Create | Knight |
| 20:40 | Create | Knight |
| 20:42 | Research | Husbandry |
| 20:49 | Build | Town Center |
| 21:06 | Build | Monastery |
| 21:14 | Research | Bloodlines |
| 21:17 | Create | Knight |
| 21:22 | Create | Villager (Male) |
| 21:27 | Build | Farm |
| 21:31 | Build | Farm |
| 21:32 | Create | Villager (Male) |
| 21:44 | Create | Knight |
| 21:55 | Create | Villager (Male) |
| 22:10 | Create | Villager (Male) |
| 22:18 | Create | Villager (Male) |
| 22:23 | Create | Missionary |
| 22:31 | Create | Villager (Male) |
| 22:34 | Build | House |
| 22:35 | Build | House |
| 22:36 | Build | House |
| 22:52 | Create | Villager (Male) |
| 23:01 | Research | Gold Mining |
| 23:01 | Create | Villager (Male) |
| 23:36 | Create | Villager (Male) |
| 23:40 | Build | House |
| 24:15 | Create | Missionary |
| 24:17 | Create | Villager (Male) |
| 24:19 | Create | Knight |
| 24:20 | Create | Knight |
| 24:22 | Research | Forging |
| 24:23 | Create | Villager (Male) |
| 24:28 | Build | Farm |
| 24:37 | Build | House |
| 24:38 | Build | House |
| 25:05 | Create | Villager (Male) |
| 25:06 | Create | Villager (Male) |
| 25:06 | Create | Villager (Male) |
| 25:10 | Build | Farm |
| 25:25 | Build | House |
| 25:28 | Create | Villager (Male) |
| 25:28 | Create | Villager (Male) |
| 26:25 | Create | Missionary |
| 26:30 | Build | Farm |
| 26:31 | Create | Villager (Male) |
| 26:42 | Create | Villager (Male) |
| 26:43 | Create | Villager (Male) |
| 26:44 | Research | Wheelbarrow |
| 27:00 | Create | Knight |
| 27:01 | Create | Knight |
| 27:01 | Create | Knight |
| 27:03 | Create | Villager (Male) |
| 27:51 | Create | Missionary |
| 28:15 | Create | Missionary |
| 28:19 | Create | Knight |
| 28:19 | Create | Knight |
| 28:20 | Create | Villager (Male) |
| 28:20 | Create | Villager (Male) |
Match timeline
| 7:38 | DiCarrera · first_building Barracks |
| 7:58 | Hingle_McCringleberry · first_building Barracks |
| 9:05 | DiCarrera · age_up feudal |
| 9:07 | DiCarrera · first_building Stable |
| 10:00 | Hingle_McCringleberry · age_up feudal |
| 11:21 | Hingle_McCringleberry · wall_segment Palisade Wall x1 |
| 11:25 | Hingle_McCringleberry · wall_segment Palisade Wall x1 |
| 11:29 | Hingle_McCringleberry · wall_segment Palisade Wall x1 |
| 12:31 | Hingle_McCringleberry · wall_segment Palisade Wall x1 |
| 14:52 | Hingle_McCringleberry · wall_segment Palisade Wall x8 |
| 14:55 | Hingle_McCringleberry · wall_segment Palisade Wall x5 |
| 15:35 | Hingle_McCringleberry · first_building Stable |
| 16:07 | Hingle_McCringleberry · wall_segment Palisade Wall x1 |
| 20:34 | DiCarrera · age_up castle |
| 21:06 | DiCarrera · first_building Monastery |
| 21:20 | Hingle_McCringleberry · first_market_sell 100 wood |
| 22:04 | Hingle_McCringleberry · first_market_buy 100 food |
| 22:43 | Hingle_McCringleberry · age_up castle |
| 24:55 | Hingle_McCringleberry · first_building Monastery |
| 31:26 | DiCarrera · first_building Castle |
| 32:02 | Hingle_McCringleberry · first_building Siege Workshop |
| 36:22 | Hingle_McCringleberry · first_building Castle |
| 37:55 | DiCarrera · age_up imperial |
| 46:55 | DiCarrera · first_market_sell 100 wood |
| 51:43 | Hingle_McCringleberry · age_up imperial |
| 60:25 | DiCarrera · resign |
[ AI ANALYSIS · 1 CREDIT ]
What really happened in this match?
Wolo.gg analyzes every decision: build order, eco, micro, common mistakes by bracket. Personalized analysis on WhatsApp or Discord in 30 seconds.
Civ guide
Poles
Map guide
Enclosed
Perfil
Hingle_McCringleberry